 Dungeon Crawl Stone Soup version 0.28-a0-1312-g71652a0310 (webtiles) character file.

Game seed: 772102477333793900

439 r3xj the Cudgeller (level 6, 0/48 HPs)
             Began as a Demonspawn Gladiator on Dec 28, 2021.
             Slain by an adder (1 damage)
             ... in a sewer.
             The game lasted 00:17:24 (4819 turns).

r3xj the Cudgeller (Demonspawn Gladiator)           Turns: 4819, Time: 00:17:24

Health: 0/48       AC:  5    Str: 22    XL:     6   Next: 70%
Magic:  6/6        EV: 13    Int: 10    God:
Gold:   121        SH:  0    Dex: 14    Spells: 5/5 levels left

rFire   . . .      SeeInvis .   a - +0 flail
rCold   . . .      Faith    .   (no shield)
rNeg    . . .      Spirit   .   q - +0 leather armour
rPois   .          Reflect  .   c - +0 helmet
rElec   .          Harm     .   (no cloak)
rCorr   .          Rampage  .   r - +0 pair of gloves
Will    .....                   (no boots)
Stlth   +.........              (no amulet)
HPRegen 0.16/turn               i - +6 ring of strength
MPRegen 0.20/turn               (no ring)

@: lethally poisoned (0 -> -3), hasted, invisible, very quick
A: powered by pain 1, magic regeneration
a: no special abilities


You were in a sewer.
You visited 1 branch of the dungeon, and saw 4 of its levels.
You also visited: Sewer.

You collected 121 gold pieces.

Inventory:

Hand Weapons
 a - a +0 flail (weapon)
 b - a +0 hunting sling
 m - a +2 mace of protection
Missiles
 d - 2 throwing nets (quivered)
 l - 26 sling bullets
 s - 5 stones
Armour
 c - a +0 helmet (worn)
 q - a +0 leather armour (worn)
 r - a +0 pair of gloves (worn)
 t - a +0 hat
Jewellery
 i - a +6 ring of strength (left hand)
Wands
 n - a wand of paralysis (12)
Scrolls
 f - 2 scrolls of identify {unknown}
 g - 2 scrolls of enchant armour {unknown}
 h - a scroll of blinking {unknown}
 k - 2 scrolls of fog {unknown}
 o - a scroll of fear {unknown}
 v - a scroll of immolation {unknown}
 w - 2 scrolls of acquirement {unknown}
Potions
 e - a potion of invisibility
 j - a potion of haste
 p - a potion of might {unknown}
 u - a potion of lignification {unknown}


   Skills:
 + Level 4.1 Fighting
 * Level 5.0 Maces & Flails
 - Level 1.7 Throwing
 + Level 4.3 Dodging


You had 5 spell levels left.
You didn't know any spells.
Your spell library contained the following spells:

 Spells                   Type           Power      Damage    Failure   Level
 Call Canine Familiar     Summ           0%         N/A       78%         3
 Ignite Poison            Fire/Tmut/Pois 0%         N/A       78%         3
 Mephitic Cloud           Conj/Pois/Air  0%         N/A       78%         3
 Portal Projectile        Hex/Tloc       0%         N/A       78%         3
 Leda's Liquefaction      Hex/Erth       0%         N/A       99%         4
 Freezing Cloud           Conj/Ice/Air   0%         6-21      100%        5


Dungeon Overview and Level Annotations

Branches:
Dungeon (4/15)              Sewer (1/1)
 Temple: D:4-7

Altars:
Ashenzari
Fedhas
Gozag
Kikubaaqudgha
Ru
Wu Jian
Yredelemnul

Shops:
D:4 *

Annotations:
D:3 2 runed translucent doors, 12572944's ghost, amateur DjTm
D:4 3 runed translucent doors


Innate Abilities, Weirdness & Mutations

You sometimes gain a little power by taking damage.
You regenerate magic rapidly.


Message History

The adder closely misses you. x2
You feel sick.
You hit the adder but do no damage.
The adder is heavily wounded.
You feel sick. The adder barely misses you.
The adder bites you but does no damage.
You miss the adder.
The adder is heavily wounded.
You feel sick. The adder barely misses you.
You barely miss the adder.
The adder is heavily wounded.
You feel sick.
You are no longer poisoned.
The adder bites you but does no damage. The adder completely misses you.
You closely miss the adder.
The adder is heavily wounded.
The adder bites you.
* * * LOW HITPOINT WARNING * * *
You are poisoned.
The adder poisons you!
You closely miss the adder.
The adder is heavily wounded.
You feel sick. The adder closely misses you.
You miss the adder.
The adder is heavily wounded.
You feel sick. The adder bites you.
* * * LOW HITPOINT WARNING * * *
The adder bites you.
* * * LOW HITPOINT WARNING * * *
You are lethally poisoned!
The adder poisons you!
Sorry, you're not good enough to have a special ability.
It was a potion of invisibility.
You fade into invisibility!
* * * LOW HITPOINT WARNING * * *
You feel sick. The adder barely misses you.
It was a potion of haste.
You feel yourself speed up.
* * * LOW HITPOINT WARNING * * *
You feel sick. The adder bites you.
You die...

#≈# #≈# #≈# #≈# #≈# #.#
######≈###################
...≈≈≈≈≈≈≈≈≈≈.≈.≈≈....≈..≈≈
..≈..≈≈≈≈S@≈≈....≈..≈≈≈≈.≈≈
########################≈##
#.####.# ##.##.## ##.#.###
##†#..# ##.### ####..#
##†.†###


You could see an adder.

Vanquished Creatures
  A phantom (D:4)
  A scorpion (D:4)
  3 hounds (D:4)
  An orc priest (D:3)
  A hound skeleton (D:4)
  A howler monkey skeleton (D:3)
  A river rat (Sewer)
  5 adders
  An adder skeleton (D:4)
  3 worms
  3 dart slugs
  6 orcs (D:3)
  6 ball pythons
  5 endoplasms
  8 giant cockroaches
  3 goblins
  5 hobgoblins
  2 jackals (D:1)
  5 quokkas
  8 bats
  3 frilled lizards
  7 kobolds
  9 rats
88 creatures vanquished.

Notes
Turn   | Place    | Note
-------+----------+-------------------------------------------
     0 | D:1      | r3xj the Demonspawn Gladiator began the quest for the Orb.
     0 | D:1      | Reached XP level 1. HP: 16/16 MP: 1/1
    61 | D:1      | Gained mutation: You sometimes gain a little power by
                  | taking damage. [demonic ancestry]
    61 | D:1      | Reached XP level 2. HP: 4/22 MP: 2/2
   384 | D:1      | Reached skill level 3 in Maces & Flails
   836 | D:1      | Reached XP level 3. HP: 26/28 MP: 3/3
  2354 | D:2      | Gained mutation: You regenerate magic rapidly. [demonic
                  | ancestry]
  2354 | D:2      | Reached XP level 4. HP: 34/34 MP: 4/4
  2550 | D:2      | Found a faded altar of an unknown god.
  3048 | D:3      | Found a runed translucent door.
  3051 | D:3      | Noticed 12572944's ghost (amateur DjTm)
  3448 | D:3      | Reached XP level 5. HP: 36/41 MP: 5/5
  3725 | D:3      | Found a runed translucent door.
  3739 | D:3      | Identified the +1 robe "Asmeid" {rF+ Will- Str+2 Int+5}
  3863 | D:3      | Found a faded altar of an unknown god.
  3863 | D:3      | Found a broken altar of Ashenzari.
  3871 | D:3      | Found a faded altar of an unknown god.
  3873 | D:3      | Found a blossoming altar of Fedhas.
  3875 | D:3      | Found a basalt altar of Yredelemnul.
  4193 | D:4      | Noticed a phantom
  4202 | D:4      | Reached skill level 4 in Maces & Flails
  4213 | D:4      | Killed a phantom
  4214 | D:4      | Reached XP level 6. HP: 16/48 MP: 6/6
  4229 | D:4      | Found a runed translucent gate.
  4229 | D:4      | Found a runed translucent gate.
  4229 | D:4      | Found a runed translucent gate.
  4484 | D:4      | Found an ornate altar of the Wu Jian Council.
  4485 | D:4      | Found an opulent altar of Gozag.
  4486 | D:4      | Found a sacrificial altar of Ru.
  4486 | D:4      | Found an ancient bone altar of Kikubaaqudgha.
  4531 | D:4      | Reached skill level 5 in Maces & Flails
  4546 | D:4      | Found Qogitepp's Assorted Antiques.
  4561 | D:4      | Found a glowing drain.
  4587 | Sewer    | Entered a sewer
  4819 | Sewer    | HP: 1/48 [poisoned by an adder]
  4819 | Sewer    | Slain by an adder

Illustrated notes

Levels and vault maps discovered:
D:1:      elethiomel_arrival_infinity_welcomes_careful_drivers, layout_basic,
          chequers_serial_rivers_marsh, minmay_heptomino_w4
D:2:      layout_loops_corners, hellmonk_ecumenical_altar_prayer_group,
          minivault_26
D:3:      layout_basic, chequers_temple_overflow_minitemple,
          ebering_ghost_sewer_f
D:4:      layout_rooms, mainiacjoe_overflow_alcove_3,
          gammafunk_ghost_necromancy, serial_shops, shop, portal_sewer_entry_b,
          nicolae_concentric_dashed_squares_wild
Sewer:    sewer_co_cracked_pipes

Skill      XL: |  1  2  3  4  5  6 |
---------------+-------------------+-----
Maces & Flails | 3 4 5 |  5.0
Dodging        | 3 4 |  4.3
Fighting       | 3 4 |  4.1
Throwing       | |  1.7

Action                   |  1- 3 |  4- 6 || total
-------------------------+-------+-------++-------
Melee: Flail             |   129 |   194 ||   323
Throw: Throwing net      |       |     1 ||     1
  Use: Potion            |       |     2 ||     2
 Stab: Sleeping          |     1 |     2 ||     3
Armor: Leather armour    |    45 |    63 ||   108
Dodge: Dodged            |    97 |   180 ||   277

Table legend: (Time is in decaauts)
 A = Elapsed time spent in this place.
 B = Non-inter-level travel time spent in this place.
 C = Inter-level travel time spent in this place.
 D = Time resting spent in this place.
 E = Time spent auto-exploring this place.
 F = Levels seen in this place.
 G = Mean time per level.
                   A        B        C        D        E       F      G
               +--------+--------+--------+--------+--------+-----+--------+
         Total |   4899 |   4505 |    394 |    212 |   3351 |   5 |  979.8 |
       Dungeon |   4652 |   4258 |    394 |    129 |   3260 |   4 | 1163.0 |
         Sewer |    247 |    247 |      0 |     83 |     90 |   1 |  247.0 |
               +--------+--------+--------+--------+--------+-----+--------+

Top non-repeatable levels by time:
     D:2: 1608 daAuts
     D:1: 1395 daAuts
     D:3: 1315 daAuts
     D:4: 333 daAuts
   Sewer: 247 daAuts
